 Dungeon Crawl Stone Soup version 0.15.2 (webtiles) character file.

45 magog001 the Digger (level 3, 0/24 HPs)
             Began as a Formicid Earth Elementalist on Oct 1, 2016.
             Slain by a worm (5 damage)
             ... on Level 2 of the Dungeon.
             The game lasted 00:12:20 (1361 turns).

magog001 the Digger (Formicid Earth Elementalist)   Turns: 1361, Time: 00:12:21

HP   0/24        AC  2     Str 13      XL: 3   Next: 90%
MP   7/7         EV 12     Int 14      God:
Gold 74          SH  0     Dex 11      Spells:  2 memorised,  4 levels left

rFire  . . .     SeeInvis +     j - +0 club
rCold  . . .     Clarity  .     c - +0 robe
rNeg   . . .     rCorr    .     (no shield)
rPois  .         rRot     .     (helmet unavailable)
rElec  .         Spirit   .     (no cloak)
SustAb .         Warding  .     (no gloves)
rMut   .         Stasis   +     (no boots)
Gourm  .                        (no amulet)
MR     .....                    (no ring)
                                (no ring)

@: not resistant to hostile enchantments, unstealthy
A: permanent stasis, dig shafts and tunnels, four strong arms, antennae 3
a: Dig, Shaft Self


You were on level 2 of the Dungeon.
You were not hungry.

You visited 1 branch of the dungeon, and saw 2 of its levels.

You collected 74 gold pieces.

Inventory:

Hand weapons
 j - a +0 club (weapon)
Missiles
 b - 56 stones (quivered)
 m - 20 sling bullets of flame
Armour
 c - a +0 robe (worn)
 r - a +0 ring mail
Comestibles
 a - a bread ration
 f - a fruit
 i - 2 rotting chunks of goblin flesh
 l - a chunk of rat flesh
 q - a rotting chunk of rat flesh
 s - a meat ration
Scrolls
 e - 2 scrolls of identify
 h - a scroll of random uselessness {unknown}
 k - a scroll of remove curse
 n - a scroll of magic mapping {unknown}
 t - 2 scrolls of teleportation {unknown}
 v - a scroll of enchant weapon {unknown}
 w - a scroll of enchant armour {unknown}
Jewellery
 g - an uncursed amulet of stasis
Potions
 u - 2 potions of curing {unknown}
Books
 d - a book of Geomancy

   Spells                             Type                      Level
   *Sandblast                         Earth                        1
   *Stoneskin                         Transmutation/Earth          2
   Passwall                           Transmutation/Earth          3
   Stone Arrow                        Conjuration/Earth            3
   Petrify                            Transmutation/Earth          4
   Lee's Rapid Deconstruction         Earth                        5


   Skills:
 + Level 0.2 Fighting
 * Level 2.0 Dodging
 + Level 2.5 Stealth
 * Level 2.9 Spellcasting
 + Level 1.1 Transmutations
 + Level 4.6 Earth Magic


You had 4 spell levels left.
You knew the following spells:

 Your Spells              Type           Power        Failure   Level  Hunger
a - Sandblast             Erth           ##....       3%          1    #......
b - Stoneskin             Trmt/Erth      ##......     12%         2    ##.....


Dungeon Overview and Level Annotations

Branches:
Dungeon (2/15)

Altars:


Innate Abilities, Weirdness & Mutations

Your are under a permanent stasis effect.
You can dig through walls and to a lower floor.
Your four strong arms can wield two-handed weapons with a shield.
You have a pair of large antennae on your head (SInv).


Message History

You hit the kobold.
You kill the kobold!
t - 2 scrolls labeled SHEDET AB KIE (gained 1)
You now have 68 gold pieces (gained 12).
You see here a runed whip.
Some of the chunks of flesh in your inventory have rotted away.
Found 6 gold pieces.
You now have 74 gold pieces (gained 6).
A worm comes into view.
Found a falchion.
The worm bites you!
You barely miss the worm. The worm bites you!
* * * LOW HITPOINT WARNING * * *
A worm comes into view.
You hit the worm.
The worm is lightly wounded.
You hit the worm but do no damage.
The worm is lightly wounded.
The worm bites you.
You die...

######## .......#
.......# #### ## .......#
#.. .# .......# #.# .#
.......######.###.#######
................@w.......
######.######.###..).....
#.# #.# ....... ######.##
#.# ....... ........# ..#
....... ####...## ###
....w. #......#########
..... ................
#### ................


You could see 2 worms.

Vanquished Creatures
  A gnoll (D:1)
  A giant mite (D:1)
  2 bats
  4 goblins
  6 hobgoblins (D:1)
  2 jackals (D:1)
  A giant cockroach (D:1)
  A giant newt (D:1)
  4 kobolds
  5 rats
27 creatures vanquished.

Notes
Turn   | Place    | Note
--------------------------------------------------------------
     0 | D:1      | magog001, the Formicid Earth Elementalist, began the quest for the Orb.
     0 | D:1      | Reached XP level 1. HP: 13/13 MP: 3/3
   197 | D:1      | Reached skill level 4 in Earth Magic
   287 | D:1      | Reached XP level 2. HP: 11/19 MP: 0/5
   711 | D:1      | Reached XP level 3. HP: 22/24 MP: 1/7
   878 | D:1      | Learned a level 2 spell: Stoneskin
  1361 | D:2      | Slain by a worm

Action                   || total
-------------------------++-------
Melee: Club              ||    46
       Unarmed           ||     1
Throw: Stone             ||     5
 Cast: Sandblast         ||    40
       Stoneskin         ||     1
 Abil: Dig               ||     5
  Use: Scroll            ||     2
  Eat: Chunk             ||     3
